Map: Seeds of Aiur

Players

pta - Winner!

  • Race: Zerg Zerg
  • Spawn Location: 1:00

A.I. 1 (Harder)

  • Race: Terran Terran
  • Spawn Location: 7:00

VOD

Have the link to the VOD?

Description

Time

  • Played on: April 26, 2019, 5:15 a.m.
  • Length: 35:09
Show
View Real Time Build Order
Export as new Build Order

pta Zerg - Winner!

Build Orders: Pool First, Lurkers 

Get SALT Encoding   

  12  0:03  Drone  
  13  0:40  Drone  
  13  0:41  Spawning Pool  
  13  0:43  Extractor  
  13  0:44  Drone  
  13  0:45  Overlord  
  13  1:02  Extractor  
  12  1:04  Drone x2  
  14  1:21  Drone  
  15  1:28  Drone  
  15  1:29  Queen  
  18  1:34  Drone  
  19  1:49  Roach Warren  
  18  1:56  Zergling x2  
  19  2:19  Lair  
  19  2:44  Hatchery  
  19  2:50  Roach x2  
  19  2:51  Overlord x2  
  22  3:13  Drone x3  
  25  3:25  Glial Reconstitution  
  25  3:32  Drone  
  26  3:46  Evolution Chamber  
  25  3:50  Evolution Chamber  
  25  3:51  Drone  
  25  3:52  Drone  
  25  3:53  Roach x2  
  32  3:55  Roach  
  32  4:06  Drone  
  33  4:14  Drone  
  34  4:17  Drone  
  34  4:18  Drone x2  
  37  4:30  Drone  
  38  4:35  Hydralisk Den  
  37  4:51  Roach x3  
  43  4:53  Overlord  
  43  4:55  Overlord  
  43  5:02  Drone  
  44  5:13  Drone x2  
  46  5:19  Zerg Ground Armor Level 1  
  46  5:23  Drone  
  46  5:26  Drone  
  48  5:31  Drone  
  48  5:34  Drone  
  50  5:37  Drone  
  50  5:40  Drone  
  52  5:44  Drone  
  52  5:46  Drone  
  54  5:56  Spine Crawler  
  53  6:00  Spine Crawler  
  52  6:14  Spine Crawler  
  51  6:25  Spine Crawler  
  51  6:27  Queen  
  43  6:53  Roach x4  
  43  6:54  Roach x2  
  47  7:13  Hydralisk x2  
  51  7:21  Lurker Den  
  50  7:23  Drone  
  51  7:47  Zerg Ground Armor Level 2  
  51  7:49  Zerg Missile Weapons Level 1  
  51  8:05  Extractor  
  50  8:06  Drone x3  
  50  8:07  Extractor, Overlord  
  50  8:08  Overlord x2  
  52  8:19  Hydralisk x3  
  58  8:20  Hydralisk  
  60  8:49  Lurker x2  
  60  8:52  Lurker  
  63  8:56  Drone x3  
  63  8:57  Drone x3  
  69  9:04  Lurker  
  70  9:20  Drone x2  
  70  9:21  Drone  
  70  9:23  Drone x3  
  76  9:33  Hydralisk x4  
  76  9:35  Overlord x5  
  84  9:47  Zerg Missile Weapons Level 2  
  84  9:53  Spine Crawler  
  84  9:57  Spine Crawler  
  82  10:05  Spine Crawler  
  81  10:18  Spine Crawler  
  80  10:28  Overseer  
  80  10:48  Spore Crawler  
  79  10:51  Spore Crawler  
  78  11:07  Hydralisk x3  
  78  11:08  Hydralisk x4  
  78  11:09  Hydralisk x7  
  106  11:22  Infestation Pit  
  105  11:26  Spire  
  104  12:01  Hatchery  
  104  12:02  Extractor, Hive  
  104  12:06  Extractor  
  101  12:15  Queen  
  103  12:28  Drone x3  
  106  12:30  Overlord x3  
  106  12:50  Overseer  
  106  12:51  Pneumatized Carapace  
  106  13:23  Drone  
  107  13:31  Greater Spire  
  107  13:35  Grooved Spines  
  107  13:39  Zerg Ground Armor Level 3  
  107  13:41  Zerg Missile Weapons Level 3  
  107  13:53  Drone x3  
  110  13:56  Drone x9  
  110  13:57  Drone  
  110  14:00  Drone x3  
  123  14:05  Overlord  
  123  14:12  Corruptor x3  
  123  14:13  Corruptor  
  123  14:14  Corruptor  
  123  14:15  Corruptor  
  132  14:29  Lurker x2  
  134  14:46  Muscular Augments  
  136  15:14  Brood Lord  
  136  15:15  Brood Lord x2  
  136  15:16  Brood Lord  
  136  15:17  Brood Lord  
  136  15:18  Brood Lord  
  146  15:25  Drone x4  
  146  15:26  Drone  
  151  15:41  Zerg Flyer Armor Level 1  
  151  16:16  Zerg Melee Weapons Level 1  
  139  16:50  Hydralisk x9  
  139  16:51  Hydralisk x3  
  139  16:53  Overlord x6  
  139  16:54  Overlord x3  
  127  17:28  Corruptor x4  
  131  17:36  Zerg Flyer Weapons Level 1  
  123  18:05  Brood Lord x4  
  131  18:09  Corruptor  
  131  18:10  Corruptor x2  
  131  18:11  Corruptor  
  139  18:19  Zergling x2  
  141  18:20  Zergling x16  
  141  18:21  Zergling x20  
  141  18:22  Zergling x12  
  141  18:23  Zerg Melee Weapons Level 2  
  111  19:49  Hydralisk x3  
  111  19:50  Mutalisk x7  
  111  19:51  Mutalisk  
  127  20:27  Zergling x10  
  127  20:28  Zergling x14  
  89  21:48  Hydralisk  
  89  21:49  Hydralisk x8  
  88  22:21  Zergling x6  
  88  22:22  Zergling x6  
  88  22:32  Corruptor x3  
  94  22:50  Corruptor x3  
  94  22:51  Corruptor x3  
  106  22:59  Hydralisk x3  
  94  23:22  Brood Lord x2  
  94  23:23  Brood Lord  
  100  23:29  Brood Lord  
  100  23:30  Brood Lord  
  104  23:42  Hydralisk x2  
  104  23:47  Hydralisk  
  110  24:07  Hydralisk x2  
  114  24:24  Zergling x2  
  114  24:25  Zergling x10  
  114  24:26  Zergling x4  
  110  25:04  Brood Lord x2  
  114  25:35  Hydralisk x3  
  114  25:37  Hydralisk  
  96  26:47  Zergling x14  
  97  26:48  Zergling x14  
  97  26:49  Zergling x16  
  97  26:50  Zergling x8  
  110  27:31  Hydralisk x5  
  110  27:32  Hydralisk x4  
  96  28:48  Hydralisk x3  
  96  28:49  Hydralisk x4  
  106  29:51  Zergling x14  
  106  29:52  Zergling x4  
Show
View Real Time Build Order
Export as new Build Order

A.I. 1 (Harder) Terran 

Build Orders:  

Get SALT Encoding   

  12  0:00  SCV  
  13  0:13  SCV  
  14  0:20  Supply Depot  
  14  0:25  SCV  
  15  0:42  SCV  
  16  0:43  Barracks  
  16  0:49  Refinery  
  16  0:54  SCV  
  17  1:06  SCV  
  19  1:18  SCV  
  19  1:21  Supply Depot  
  19  1:30  SCV, Marine  
  21  1:40  Barracks  
  21  1:43  Orbital Command  
  21  1:49  Barracks Tech Lab, Refinery  
  21  2:07  Supply Depot, Marine  
  22  2:25  Marine  
  22  2:27  Marine  
  24  2:43  Supply Depot, Marine  
  25  2:44  Marine  
  26  3:01  Marauder  
  26  3:02  Marine  
  29  3:14  Supply Depot  
  29  3:20  Marine  
  29  3:22  Marauder  
  29  3:23  SCV  
  33  3:34  Engineering Bay  
  33  3:35  SCV  
  33  3:38  Marine  
  35  3:43  Marine  
  35  3:47  SCV  
  37  3:59  SCV  
  37  4:02  Marauder  
  40  4:04  Supply Depot  
  40  4:11  SCV  
  41  4:23  Marauder, SCV  
  44  4:44  Marauder  
  46  5:06  Marauder  
  48  5:27  Marauder  
  50  5:43  Barracks Tech Lab  
  50  5:44  Terran Infantry Weapons Level 1, Stimpack  
  50  5:45  Factory  
  50  5:48  Marine  
  50  5:49  Factory  
  51  5:50  Command Center  
  51  6:01  Combat Shield, Marine  
  52  6:12  Supply Depot  
  52  6:23  Missile Turret  
  52  6:28  Missile Turret  
  52  6:30  Factory Tech Lab  
  52  6:31  Marine  
  51  6:32  Starport  
  51  6:36  Factory Tech Lab, Starport  
  51  6:38  Marine  
  42  6:49  Marine  
  42  6:56  Marine  
  42  7:00  Cyclone  
  43  7:03  SCV x2  
  43  7:07  Marine  
  44  7:08  Refinery, Starport Tech Lab  
  44  7:12  Refinery, Starport Tech Lab  
  44  7:14  Marauder  
  44  7:15  SCV  
  47  7:16  SCV  
  47  7:19  Concussive Shells  
  47  7:21  Siege Tank  
  51  7:27  SCV  
  51  7:28  SCV  
  53  7:32  Siege Tank, Raven  
  53  7:35  Marine  
  59  7:38  Terran Infantry Armor Level 1  
  59  7:39  SCV  
  59  7:40  SCV  
  59  7:43  Marine  
  62  7:51  SCV, Bunker  
  62  7:52  SCV  
  62  7:53  Raven, Marine  
  67  8:00  Marine  
  67  8:02  Missile Turret  
  67  8:04  SCV, Siege Tank  
  67  8:05  SCV  
  73  8:11  Marine  
  74  8:13  Missile Turret  
  74  8:16  SCV  
  74  8:17  SCV  
  76  8:23  Supply Depot  
  76  8:28  SCV  
  76  8:29  Sensor Tower  
  76  8:30  SCV  
  78  8:38  Bunker  
  78  8:40  SCV  
  79  8:42  SCV  
  80  8:52  SCV, Armory  
  80  8:54  SCV  
  82  9:01  Barracks  
  82  9:49  Barracks Reactor  
  82  10:08  Medivac x2, Terran Infantry Weapons Level 2, Marine  
  82  10:11  Marine  
  82  10:12  Factory  
  88  10:15  Terran Vehicle Weapons Level 1  
  88  10:16  Starport  
  88  10:17  Command Center  
  88  10:19  Supply Depot  
  88  10:26  Marine  
  89  10:29  Marine  
  90  10:38  Medivac, Raven  
  90  10:40  Engineering Bay  
  94  10:44  Marauder, Ghost Academy  
  94  10:45  Supply Depot  
  94  10:47  Marauder  
  98  10:52  Starport Reactor  
  98  10:56  Factory Tech Lab, Fusion Core  
  93  10:57  Marine  
  93  11:00  Marine  
  75  11:05  Marine, Terran Infantry Armor Level 2  
  75  11:08  Marine  
  77  11:15  Siege Tank, Marine  
  77  11:18  Marine  
  82  11:23  Armory, Marine  
  83  11:26  Marine  
  83  11:30  SCV  
  83  11:32  SCV x2  
  87  11:33  Refinery, Marine  
  87  11:36  Marine  
  87  11:38  Missile Turret  
  89  11:41  Marauder  
  89  11:42  SCV  
  89  11:43  Missile Turret  
  89  11:44  Marauder, SCV  
  89  11:45  SCV  
  96  11:51  Marine  
  96  11:53  Marine  
  98  11:55  SCV  
  98  11:57  SCV  
  98  11:58  SCV  
  101  12:07  SCV  
  102  12:09  SCV  
  102  12:10  Terran Ship Weapons Level 1, Bunker  
  102  12:11  Terran Vehicle And Ship Armor Level 1, SCV  
  104  12:19  SCV  
  104  12:21  SCV  
  106  12:37  Refinery  
  106  13:28  Ghost  
  106  13:29  Marine x3  
  106  13:30  Supply Depot  
  111  13:43  Terran Infantry Weapons Level 3  
  111  13:44  Terran Infantry Armor Level 3  
  111  13:47  Marine x3  
  114  13:54  Supply Depot  
  114  13:55  Rapid Reignition System  
  114  13:57  Marine  
  114  14:02  Command Center  
  115  14:03  Terran Vehicle Weapons Level 2  
  115  14:04  Terran Ship Weapons Level 2, Marine  
  115  14:05  Marine x2  
  118  14:16  Marauder  
  120  14:17  Supply Depot  
  120  14:22  Marine  
  120  14:23  Marauder, Marine  
  115  14:36  Ghost  
  117  14:40  Marine x2  
  117  14:44  Marauder  
  121  14:58  Marine x2  
  123  15:05  Marine  
  123  15:06  Marauder  
  126  15:16  Marine  
  127  15:23  Marauder  
  127  15:26  Refinery  
  127  15:27  Marauder  
  131  15:29  Missile Turret  
  131  15:32  Missile Turret  
  131  15:33  Refinery  
  131  15:53  Bunker  
  131  16:09  SCV  
  131  16:19  Terran Vehicle And Ship Armor Level 2  
  131  16:20  Neosteel Armor  
  131  16:21  Hi-Sec Auto Tracking, Terran Ship Weapons Level 3  
  131  16:38  Viking  
  132  16:42  Hellion  
  132  16:46  Viking, SCV  
  127  16:48  Supply Depot  
  127  16:50  Hellion  
  127  16:53  Siege Tank  
  115  16:57  Viking  
  115  17:00  Viking  
  109  17:05  Hellion, SCV  
  105  17:11  Hellion  
  105  17:13  SCV, Battlecruiser, Infernal Pre-Igniter  
  111  17:16  Marine  
  111  17:18  SCV  
  111  17:20  Marine  
  111  17:24  Marine  
  111  17:26  SCV  
  111  17:27  Marine  
  108  17:32  SCV  
  108  17:34  Marine  
  107  17:37  SCV  
  107  17:38  Marine  
  107  17:41  Missile Turret, Marine  
  109  17:45  Marine  
  109  17:46  Siege Tank  
  109  17:48  Missile Turret  
  113  17:52  Marauder  
  113  17:53  Siege Tank  
  113  17:57  Siege Tank  
  121  18:00  Marine  
  121  18:04  Marine  
  123  18:13  SCV  
  123  18:14  Marauder  
  123  18:18  Siege Tank  
  123  18:19  Marauder  
  130  18:25  Cyclone  
  131  18:27  Viking  
  131  18:29  Thor  
  131  18:30  SCV  
  137  18:35  Viking, Marauder, Terran Vehicle Weapons Level 3  
  137  18:40  Marauder  
  142  18:48  SCV  
  143  18:57  Command Center  
  143  18:58  Terran Vehicle And Ship Armor Level 3  
  143  19:04  SCV  
  162  19:10  Viking  
  143  19:13  Marine  
  143  19:17  Marine  
  131  19:20  Marine  
  121  19:24  Cyclone  
  121  19:27  Marine  
  100  19:31  Marine  
  100  19:35  Marine  
  89  19:39  Viking, SCV  
  89  19:42  Marine  
  89  19:44  SCV  
  85  19:45  SCV  
  85  19:49  Marauder, Raven  
  86  19:53  Marauder  
  86  19:54  Hellion  
  86  19:58  Hellion  
  88  20:01  SCV x2, Marine  
  88  20:05  Marine  
  88  20:07  SCV  
  89  20:09  Raven  
  89  20:11  Marauder  
  91  20:14  Marine  
  91  20:16  Siege Tank  
  91  20:19  SCV  
  91  20:20  Siege Tank  
  98  20:24  Viking  
  98  20:27  SCV  
  98  20:28  SCV x2, Hellion  
  98  20:31  SCV  
  98  20:32  Viking, Raven  
  98  20:36  Marine  
  98  20:39  SCV  
  98  20:40  SCV, Marine  
  95  20:43  SCV, Marine  
  95  20:44  SCV  
  95  20:47  Marine  
  94  20:51  SCV  
  94  20:52  Viking, SCV, Cyclone  
  94  20:54  Marine  
  94  20:55  Hellion, Siege Tank  
  94  20:56  Viking, SCV x2  
  101  20:57  Marine  
  101  21:01  Marine  
  97  21:05  SCV, Marine  
  97  21:06  Supply Depot  
  97  21:08  SCV x2  
  90  21:12  Marine  
  90  21:13  Medivac  
  90  21:15  Raven, Marine  
  90  21:17  Hellion, SCV  
  90  21:19  Marine  
  90  21:20  SCV  
  90  21:23  SCV, Marine  
  90  21:25  Hellion  
  88  21:27  Siege Tank  
  88  21:29  SCV  
  88  21:30  Marine  
  88  21:32  SCV  
  87  21:33  Marine  
  87  21:35  SCV  
  87  21:37  Marine  
  87  21:38  Hellion  
  89  21:40  Marine  
  89  21:41  SCV  
  83  21:48  Marauder  
  83  21:51  Marine  
  83  21:54  Cyclone  
  80  21:55  Marine  
  80  21:56  SCV  
  80  21:58  SCV, Marine  
  80  21:59  SCV  
  69  22:09  Marine x2  
  69  22:10  SCV  
  69  22:12  SCV, Marine  
  69  22:13  SCV  
  73  22:16  Marine  
  72  22:23  SCV  
  72  22:24  SCV  
  72  22:26  SCV  
  72  22:27  Marine x2  
  77  22:30  Marine  
  77  22:34  Marine  
  77  22:35  SCV  
  80  22:37  SCV  
  80  22:38  SCV  
  82  22:44  Marine x2  
  82  22:45  Command Center  
  82  22:47  SCV  
  82  22:48  Marine  
  82  22:49  SCV  
  82  22:50  SCV, Command Center  
  88  22:52  Marine  
  88  22:59  SCV  
  88  23:01  SCV  
  88  23:03  Marauder x2, SCV  
  95  23:06  Marine  
  95  23:07  Command Center  
  95  23:10  Refinery, Marine  
  95  23:11  SCV  
  90  23:18  Command Center  
  90  23:24  Marine x3  
  90  23:25  Command Center  
  93  23:27  Marine  
  94  23:34  Raven  
  94  23:36  Medivac  
  98  23:42  Marauder x2  
  98  23:44  Hellion  
  98  23:47  Hellion  
  106  23:50  Siege Tank  
  109  24:05  Siege Tank  
  109  24:06  Raven  
  114  24:13  Siege Tank  
  117  24:23  Hellion  
  114  24:34  Marine  
  114  24:37  Siege Tank, Marine  
  114  24:40  Marine  
  114  24:43  Marine  
  109  24:46  Siege Tank  
  109  24:52  Marine  
  105  24:55  Marine  
  105  24:58  Marine  
  107  25:01  Siege Tank, Marine  
  111  25:09  Siege Tank  
  111  25:10  Marine  
  111  25:13  SCV, Marine  
  117  25:14  SCV  
  117  25:16  SCV, Marine  
  117  25:17  SCV  
  117  25:18  SCV, Thor  
  117  25:19  SCV  
  129  25:23  Missile Turret  
  129  25:26  Missile Turret  
  129  25:28  Missile Turret  
  129  25:33  Siege Tank  
  132  25:37  Missile Turret  
  132  25:41  Siege Tank  
  135  25:47  Missile Turret  
  135  25:48  Missile Turret  
  135  25:50  Missile Turret  
  135  25:57  Missile Turret  
  135  26:01  Siege Tank  
  135  26:02  Bunker  
  138  26:05  Hellion  
  140  26:16  Bunker  
  140  26:20  Marine  
  140  26:23  Marine  
  140  26:25  Raven  
  135  26:26  Marine  
  135  26:29  Marine  
  118  26:33  Hellion  
  118  26:36  SCV  
  118  26:38  Marine  
  104  26:41  Marine  
  104  26:42  Refinery  
  104  26:44  Refinery, Marine  
  104  26:45  Hellion, Refinery  
  106  26:47  Marine  
  99  26:56  SCV, Marine  
  99  26:59  Marine  
  99  27:00  Siege Tank  
  96  27:02  SCV, Thor, Marine  
  96  27:06  Hellion  
  100  27:08  Marine  
  100  27:14  Marine  
  98  27:17  Marine  
  98  27:20  Marine  
  95  27:26  Marine  
  95  27:27  Siege Tank  
  97  27:32  Siege Tank, Marine  
  97  27:34  Marine  
  93  27:37  Marine  
  93  27:42  SCV  
  93  27:44  Marine  
  90  27:45  Siege Tank  
  90  27:49  Marine  
  95  27:53  Marauder  
  95  27:55  Marine  
  96  28:00  Hellion  
  96  28:02  Marine  
  96  28:04  Siege Tank  
  96  28:05  SCV  
  100  28:07  Marine  
  96  28:13  Marine  
  96  28:14  Marine  
  96  28:18  SCV x2, Siege Tank  
  96  28:19  Marine  
  91  28:21  Siege Tank  
  91  28:24  SCV  
  91  28:26  Marauder, SCV  
  91  28:31  SCV, Marine x2  
  93  28:34  SCV  
  93  28:37  Marine  
  83  28:43  SCV  
  83  28:44  SCV  
  83  28:45  Raven  
  83  28:46  Marine  
  74  28:48  SCV  
  74  28:49  Marine x2  
  74  28:51  SCV  
  74  28:55  SCV, Marine  
  72  28:56  SCV x3  
  72  29:00  SCV  
  72  29:01  SCV  
  70  29:05  Marauder  
  70  29:06  Marine  
  70  29:07  Marine  
  70  29:08  SCV, Raven  
  74  29:13  SCV x2, Marine  
  75  29:18  SCV  
  75  29:20  SCV  
  75  29:23  SCV  
  76  29:24  Marine  
  76  29:25  Marauder  
  76  29:26  Marauder, SCV  
  76  29:31  Marine  
  70  29:42  Raven, Marine  
  66  29:46  Marine  
  66  29:47  SCV, Marine  
  66  29:48  Marine  
  63  29:53  SCV  
  63  29:55  SCV x2  
  59  30:00  SCV, Marine  
  59  30:03  SCV  
  59  30:04  Marine  
  59  30:05  Marine  
  59  30:06  Marine  
  57  30:07  SCV  
  57  30:09  SCV  
  57  30:13  SCV  
  58  30:14  SCV  
  58  30:23  Viking  
  58  30:27  Marine  
  30  30:55  Marine  
  30  31:00  Marine  
  24  31:06  SCV  
  24  31:09  SCV  
  21  31:14  SCV  
  21  31:17  SCV  
  23  31:22  SCV  
  21  31:29  SCV  
  21  31:31  SCV  
  17  31:55  SCV x3  
  18  32:07  SCV  
  17  32:18  SCV  
  15  32:24  SCV, Marine  
  8  32:52  SCV  
  9  32:59  SCV  
  8  33:15  SCV  
  8  33:17  Command Center  
  8  33:24  SCV  
  9  33:30  SCV  
  11  33:50  Command Center  
  11  33:53  SCV  
  8  34:05  SCV  
  9  34:19  SCV  
Tags
 
Composition
Lurkers
Matchup
TvZ
Opening
Pool First
Spawn Locations
Cross Positions
Add a new tag
Caveats
  • Supply blocks, unpowered buildings, or Contaminate may cause inaccurate times.
  • Supply counts are checked every 10 seconds.